Map: [ESL] Waterfall

Players

eGGz

  • Race: Zerg Zerg
  • Spawn Location: 7:00

Kelazhur - Winner!

  • Race: Terran Terran
  • Spawn Location: 1:00

Event: DreamHack SC2 Masters 2022 Atlanta (Online)

VOD

Have the link to the VOD?

Description

Time

  • Played on: Oct. 1, 2022, 4:38 p.m.
  • Length: 13:30

All games in this series

Show
View Real Time Build Order
Export as new Build Order

eGGz Zerg 

Build Orders: Pool First 

Get SALT Encoding   

  12  0:00  Drone  
  13  0:12  Overlord  
  13  0:17  Drone  
  14  0:31  Drone x2  
  16  0:41  Spawning Pool  
  15  0:44  Drone  
  15  0:48  Drone  
  17  1:09  Hatchery  
  17  1:11  Drone  
  17  1:24  Extractor  
  16  1:28  Zergling x6  
  16  1:32  Queen  
  21  1:39  Drone  
  22  1:58  Overlord  
  22  2:11  Overlord  
  22  2:16  Queen  
  23  2:28  Drone x3  
  26  2:31  Drone  
  26  2:34  Metabolic Boost, Queen  
  28  2:38  Drone  
  29  2:46  Drone x2  
  31  2:57  Drone x2  
  33  2:59  Overlord  
  33  3:05  Drone x2  
  33  3:06  Drone  
  36  3:12  Drone  
  36  3:18  Drone  
  37  3:27  Drone x3  
  37  3:28  Drone  
  41  3:35  Hatchery  
  40  3:41  Overlord  
  40  3:46  Overlord  
  40  3:52  Overlord  
  40  3:53  Drone x2  
  40  3:55  Evolution Chamber  
  41  3:58  Evolution Chamber  
  41  4:01  Zergling x4  
  42  4:06  Zergling x4  
  44  4:10  Drone x3  
  44  4:14  Drone  
  47  4:18  Drone x2  
  49  4:25  Zerg Ground Armor Level 1, Zerg Melee Weapons Level 1  
  49  4:30  Queen  
  51  4:34  Drone  
  52  4:39  Zergling x4, Baneling Nest  
  52  4:40  Zergling x2  
  52  4:43  Spore Crawler  
  52  4:50  Zergling x8  
  53  4:53  Zergling x2  
  53  4:55  Zergling x2  
  52  5:01  Drone  
  52  5:07  Drone  
  53  5:10  Drone x6  
  53  5:13  Drone  
  59  5:16  Drone  
  59  5:20  Drone x2  
  61  5:29  Spore Crawler  
  61  5:32  Lair  
  61  5:34  Baneling x4  
  60  5:36  Drone x2  
  60  5:37  Drone  
  63  5:43  Zergling x6, Baneling  
  63  5:44  Spore Crawler  
  63  5:45  Drone  
  63  5:49  Spore Crawler  
  65  5:53  Drone x2  
  63  5:59  Zergling x8  
  63  6:02  Drone  
  62  6:06  Drone  
  59  6:14  Zergling x4  
  59  6:15  Zergling x6  
  53  6:22  Zergling x6  
  53  6:25  Drone  
  53  6:28  Drone  
  53  6:30  Drone  
  53  6:32  Drone  
  53  6:34  Drone  
  53  6:38  Drone  
  55  6:40  Drone x2  
  55  6:42  Drone  
  55  6:43  Drone  
  55  6:45  Drone  
  55  6:46  Overseer  
  58  6:53  Drone x3  
  61  6:54  Drone, Extractor  
  61  7:00  Centrifugal Hooks  
  61  7:03  Drone x3  
  61  7:06  Zergling x2  
  65  7:10  Zergling x2  
  66  7:16  Drone x2  
  68  7:23  Zergling x2  
  68  7:24  Zergling x6  
  68  7:28  Drone x2  
  68  7:29  Hatchery  
  73  7:30  Overlord x2  
  73  7:33  Overlord  
  73  7:34  Drone  
  74  7:38  Baneling x3  
  74  7:39  Baneling  
  72  7:44  Extractor  
  72  7:45  Extractor  
  72  7:51  Drone x3  
  71  7:56  Zergling x18  
  81  8:01  Drone x2  
  81  8:04  Drone x3  
  86  8:10  Zergling x2  
  87  8:16  Zergling x10  
  86  8:24  Zergling x2  
  86  8:25  Zergling x8  
  88  8:30  Zergling x8  
  92  8:37  Drone x2  
  92  8:38  Overlord  
  92  8:41  Baneling x7  
  94  8:45  Drone x4  
  98  8:56  Zergling x14  
  103  9:07  Zergling x2  
  103  9:08  Zergling x4  
  97  9:11  Baneling x15  
  97  9:13  Zergling x8  
  97  9:16  Baneling x2  
  97  9:27  Overlord x6  
  87  9:40  Zergling x6  
  87  9:45  Zergling x2  
  88  9:46  Zerg Ground Armor Level 2  
  88  9:49  Hatchery  
  88  9:52  Zergling x12  
  93  10:06  Zergling x6  
  91  10:13  Zergling x4  
  92  10:17  Zerg Melee Weapons Level 2  
  92  10:18  Hatchery  
  92  10:19  Infestation Pit, Hatchery  
  92  10:21  Zergling x10  
  94  10:24  Baneling x9  
  94  10:26  Zergling x2  
  95  10:29  Zergling x4  
  93  10:36  Zergling x2  
  72  10:43  Zergling x4  
  72  10:47  Zergling x8  
  72  10:55  Zergling x4  
  72  10:56  Zergling x2  
  74  11:04  Hatchery  
  74  11:05  Infestation Pit  
  72  11:11  Zergling x2  
  72  11:12  Zergling x6  
  72  11:17  Zergling x2  
  73  11:19  Zergling x2  
  73  11:24  Zergling x2  
  75  11:25  Hatchery  
  75  11:29  Zergling x2  
  75  11:30  Zergling x2  
  69  11:36  Zergling x2  
  69  11:37  Zergling x14, Baneling x2  
  69  11:38  Baneling x9  
  77  11:42  Drone x4  
  77  11:44  Drone x2  
  83  11:50  Drone, Hive  
  83  11:51  Drone  
  81  11:58  Zergling x2  
  81  11:59  Zergling x4  
  81  12:00  Overseer  
  74  12:05  Baneling x6  
  74  12:06  Zergling x12  
  80  12:13  Drone  
  77  12:17  Drone  
  77  12:18  Drone x4  
  77  12:21  Baneling x3  
  77  12:22  Baneling  
  82  12:24  Drone  
  70  12:39  Zergling x18  
  70  12:43  Drone x3  
  81  12:46  Baneling x4  
  81  12:48  Overseer  
  81  12:53  Zergling x8  
  81  12:55  Baneling x3  
  81  12:57  Zergling x4  
  87  12:59  Drone  
  87  13:04  Baneling x2  
  87  13:12  Baneling x12  
  82  13:13  Zergling x2  
Show
View Real Time Build Order
Export as new Build Order

Kelazhur Terran - Winner!

Build Orders: Reaper Expand, Hellion Banshee 

Get SALT Encoding   

  12  0:00  SCV  
  13  0:12  SCV  
  14  0:17  Supply Depot  
  14  0:24  SCV  
  15  0:38  SCV  
  15  0:40  Barracks  
  16  0:43  Refinery  
  16  0:50  SCV  
  17  1:03  SCV  
  18  1:15  SCV  
  19  1:27  Reaper, Orbital Command  
  20  1:40  Command Center  
  20  1:50  Supply Depot  
  20  1:55  SCV  
  20  1:58  Marine  
  22  2:06  Factory  
  21  2:10  SCV  
  22  2:22  SCV  
  23  2:25  Refinery  
  23  2:34  SCV  
  23  2:35  Barracks Reactor  
  24  2:47  SCV  
  25  2:52  Orbital Command  
  25  2:53  Hellion  
  25  2:57  Starport  
  26  2:59  SCV  
  27  3:11  SCV  
  28  3:18  SCV  
  29  3:21  Barracks Tech Lab  
  29  3:22  Hellion x2  
  29  3:23  SCV  
  34  3:30  SCV  
  34  3:32  Supply Depot  
  35  3:35  SCV  
  36  3:42  SCV  
  36  3:43  Banshee, Cloaking Field  
  36  3:47  SCV  
  41  3:49  Hellion  
  41  3:51  Hellion  
  41  3:54  SCV  
  46  3:59  SCV  
  46  4:00  Supply Depot  
  46  4:02  Barracks Tech Lab  
  47  4:07  SCV  
  48  4:11  SCV  
  48  4:13  Hellion  
  51  4:19  SCV  
  51  4:23  SCV  
  53  4:26  Supply Depot, Banshee  
  53  4:29  Stimpack, Marine  
  53  4:31  SCV  
  58  4:35  SCV  
  59  4:39  Supply Depot  
  59  4:41  Hellion  
  59  4:43  SCV  
  62  4:48  SCV, Hellion  
  63  4:53  Marine  
  63  4:55  SCV  
  63  5:00  SCV  
  63  5:02  Hellion  
  64  5:07  SCV  
  64  5:09  Hellion  
  64  5:12  Command Center, SCV  
  63  5:19  SCV  
  63  5:20  Barracks  
  64  5:22  Barracks  
  64  5:24  Supply Depot, SCV, Starport Reactor  
  65  5:31  SCV  
  65  5:32  Marine  
  67  5:36  Engineering Bay, SCV  
  67  5:37  Engineering Bay  
  68  5:43  SCV, Refinery  
  68  5:44  Refinery  
  68  5:45  Siege Tank  
  68  5:48  SCV  
  73  5:50  Marine  
  73  5:55  SCV  
  75  6:00  SCV  
  76  6:08  SCV, Marine  
  76  6:10  Terran Infantry Armor Level 1, Terran Infantry Weapons Level 1  
  72  6:23  SCV x2, Siege Tank, Marine x2  
  76  6:26  Marine  
  76  6:30  Supply Depot  
  70  6:36  SCV x2, Orbital Command  
  70  6:43  Marine  
  72  6:48  SCV x2, Combat Shield  
  69  6:57  Barracks x2  
  69  6:58  Orbital Command, Starport Reactor, Marine x2  
  69  7:00  SCV x2  
  69  7:01  Marine x2  
  73  7:02  Siege Tank  
  78  7:10  Supply Depot, Marine  
  78  7:12  SCV  
  78  7:13  SCV  
  81  7:17  Marine x2  
  81  7:18  Armory  
  81  7:19  Marine x2  
  85  7:23  SCV  
  85  7:24  SCV  
  85  7:27  SCV, Marine  
  89  7:31  Supply Depot  
  89  7:34  Medivac x2  
  89  7:35  SCV  
  94  7:37  SCV  
  94  7:39  Marine x4  
  99  7:45  Marine  
  99  7:50  Barracks Reactor x2, Supply Depot  
  100  7:51  Supply Depot  
  100  7:52  SCV  
  100  7:53  SCV, Siege Tank  
  100  7:55  SCV  
  106  8:01  Marine x3  
  109  8:11  Refinery  
  109  8:12  SCV x3, Medivac x2, Terran Infantry Weapons Level 2, Marine  
  117  8:17  Supply Depot  
  117  8:19  Supply Depot  
  117  8:23  Marine  
  117  8:24  SCV, Marine  
  117  8:27  Marine x2  
  120  8:28  Terran Infantry Armor Level 2, Marine  
  123  8:34  Marine x2  
  123  8:38  SCV x3, Marine x2  
  123  8:39  Supply Depot  
  123  8:40  Supply Depot x2  
  130  8:41  Marine  
  130  8:42  Supply Depot  
  131  8:48  Medivac x2  
  131  8:49  Supply Depot  
  131  8:51  Marine  
  131  8:52  Marine x3  
  131  8:53  SCV  
  140  8:58  Marine  
  140  9:00  Marine x4  
  143  9:05  SCV  
  143  9:08  SCV  
  143  9:09  Marine  
  137  9:10  Marine  
  137  9:11  SCV  
  139  9:17  SCV  
  139  9:20  SCV  
  141  9:26  SCV, Medivac x2, Marine  
  141  9:30  Siege Tank, Marine  
  141  9:31  SCV  
  152  9:37  SCV  
  152  9:38  Marine  
  143  9:39  Marine  
  143  9:40  SCV  
  143  9:42  Marine  
  143  9:43  SCV  
  145  9:48  Marine  
  145  9:49  SCV  
  145  9:50  Marine  
  145  9:52  SCV  
  149  9:53  Marine  
  149  9:54  Marine  
  149  9:55  SCV, Medivac  
  149  9:56  Medivac  
  149  9:59  Supply Depot  
  154  10:02  Siege Tank  
  156  10:17  Supply Depot x2  
  156  10:18  Factory  
  156  10:19  Supply Depot, Command Center  
  156  10:22  Marine  
  156  10:24  Supply Depot  
  156  10:25  Marine  
  156  10:28  Supply Depot, Medivac x2  
  162  10:31  Supply Depot  
  162  10:34  Siege Tank  
  165  10:36  Marine  
  165  10:37  Marine x2  
  165  10:38  Marine x3  
  165  10:39  Marine  
  156  10:43  Marine  
  156  10:49  SCV x3  
  155  10:51  Drilling Claws  
  150  10:59  Marine  
  150  11:01  Refinery  
  150  11:02  SCV  
  152  11:04  Factory Reactor  
  152  11:19  Marine x7  
  152  11:20  SCV x2  
  152  11:22  Widow Mine  
  152  11:23  Medivac  
  165  11:38  SCV x2  
  167  11:41  Widow Mine x2  
  167  11:43  Widow Mine  
  173  11:47  Supply Depot, Marauder, Marine x8  
  173  11:53  Medivac  
  169  12:02  Widow Mine x2  
  169  12:04  SCV x2  
  169  12:05  Barracks, Widow Mine, Marine x4  
  169  12:06  Barracks x2  
  181  12:14  Liberator, Marine  
  181  12:15  Marauder, Marine x3  
  190  12:22  Liberator  
  190  12:25  Widow Mine  
  190  12:26  Widow Mine  
  189  12:38  Siege Tank, Marine x6  
  189  12:39  Marauder  
  189  12:43  Planetary Fortress  
  200  12:51  Command Center  
  200  12:59  Sensor Tower  
  200  13:08  Marine  
  200  13:09  Barracks Tech Lab x2  
  200  13:10  Barracks Tech Lab  
  200  13:11  Ghost Academy  
  197  13:12  Refinery  
  197  13:13  Command Center, Refinery  
Tags
 
Add a new tag
Caveats
  • Supply blocks, unpowered buildings, or Contaminate may cause inaccurate times.
  • Supply counts are checked every 10 seconds.